 Dungeon Crawl Stone Soup version 0.18.1-50-g88ac8fd (webtiles) character file.

59 Amnesiac the Sneak (level 4, -1/23 HPs)
             Began as a Vine Stalker Fighter on Mar 10, 2018.
             Succumbed to a worker ant's poison
             ... on level 4 of the Dungeon.
             The game lasted 00:02:37 (1025 turns).

Amnesiac the Sneak (Vine Stalker Fighter)           Turns: 1025, Time: 00:02:38

Health: -1/23      AC:  7    Str: 19    XL:     4   Next: 3%
Magic:  2/5        EV:  7    Int:  8    God:
Gold:   44         SH:  9    Dex: 14    Spells: 0 memorised, 3 levels left

rFire  . . .     SeeInvis .     k - +0 dagger (speed)
rCold  . . .     Gourm    .     b - +0 scale mail
rNeg   . . .     Faith    .     c - +0 shield
rPois  .         Spirit   +     (no helmet)
rElec  .         Dismiss  .     (no cloak)
rCorr  .         Reflect  .     (no gloves)
SustAt .         Harm     .     j - +0 pair of boots
MR     .....                    (no amulet)
Stlth  +.........               (no ring)
                                (no ring)

@: lethally poisoned (-1 -> -13), flying, not resistant to hostile enchantments,
very unstealthy
A: fangs 2, regeneration 1, magic shield, antimagic bite, no device heal 3, rot
immunity
a: no special abilities


You were on level 4 of the Dungeon.
You were hungry.

You visited 1 branch of the dungeon, and saw 4 of its levels.

You collected 44 gold pieces.

Inventory:

Hand Weapons
 k - a +0 dagger of speed (weapon)
Missiles
 g - 61 stones (quivered)
 l - 11 poisoned needles
Armour
 b - a +0 scale mail (worn)
 c - a +0 shield (worn)
 j - a +0 pair of boots (worn)
Scrolls
 e - 3 scrolls of noise {!r, unknown}
 h - 2 scrolls of amnesia {!r, unknown}
 i - a scroll of remove curse {!r, unknown}
 m - a scroll of magic mapping {!r, unknown}
Potions
 d - a potion of might {!q}
Comestibles
 a - a meat ration
 f - 2 bread rations


   Skills:
 - Level 2.6 Fighting
 * Level 3.0 Short Blades
 - Level 2.4 Armour
 + Level 3.1 Stealth
 - Level 2.6 Shields


You had 3 spell levels left.
You didn't know any spells.

Dungeon Overview and Level Annotations

Branches:
Dungeon (4/15)
 Temple: D:4-7

Altars:

Annotations:
D:3 Ijyb


Innate Abilities, Weirdness & Mutations

You have extremely sharp teeth.
Your natural rate of healing is unusually fast.
When hurt, damage is shared between your health and your magic reserves.
Your bite disrupts and absorbs the magic of your enemies.
Potions and wands cannot restore your health.
You are immune to rotting.


Message History

You feel sick. You block the worker ant's attack.
You closely miss the worker ant.
The worker ant is moderately wounded.
You feel sick.
The quokka twitches its whiskers.
Your shield and scale mail prevent you from hitting the worker ant.
The worker ant is moderately wounded.
* * * LOW HITPOINT WARNING * * *
You feel sick.
The worker ant bites you but does no damage.
You hit the worker ant.
You bite the worker ant, but do no damage.
The worker ant is heavily wounded.
The worker ant barely misses you.
The quokka twitches its whiskers.
You hit the worker ant but do no damage.
You bite the worker ant, but do no damage.
The worker ant is heavily wounded.
* * * LOW HITPOINT WARNING * * *
You feel sick. The worker ant closely misses you.
You hit the worker ant.
The worker ant is heavily wounded.
* * * LOW HITPOINT WARNING * * *
You feel sick. You block the worker ant's attack.
You barely miss the worker ant.
The worker ant is heavily wounded.
* * * LOW HITPOINT WARNING * * *
You feel sick. You block the worker ant's attack.
You hit the worker ant but do no damage.
The worker ant is heavily wounded.
* * * LOW HITPOINT WARNING * * *
You feel sick.
You hit the worker ant.
The worker ant is heavily wounded.
You block the worker ant's attack.
Your shield and scale mail prevent you from hitting the worker ant.
You bite the worker ant, but do no damage.
The worker ant is heavily wounded.
* * * LOW HITPOINT WARNING * * *
You feel sick. The worker ant bites you.
* * * LOW HITPOINT WARNING * * *
You are more poisoned.
The worker ant poisons you!
You hit the worker ant but do no damage.
You bite the worker ant. You drain its power.
You feel invigorated.
The worker ant is severely wounded.
* * * LOW HITPOINT WARNING * * *
You feel sick. The worker ant barely misses you.
You closely miss the worker ant.
The worker ant is severely wounded.
* * * LOW HITPOINT WARNING * * *
You feel sick. The worker ant bites you.
* * * LOW HITPOINT WARNING * * *
You closely miss the worker ant.
The worker ant is severely wounded.
* * * LOW HITPOINT WARNING * * *
You feel sick. The worker ant bites you.
* * * LOW HITPOINT WARNING * * *
Drink which item? (? for menu, Esc to quit)
Really quaff
n - a glowing green potion {!q}?
It was a potion of flight {!q}.
You feel very buoyant.
You fly up into the air.
You die...

##...#...##
##..<......#
#....†.....#
#..........##
#...........#
####...%.....#
..............#
.........#.##.###
.....###....##.@.#
..... ##..###a#.#
..... #....rZ##.#
#... #....o## .#
#....## .# #...##
$# #..## .# #.# .#
#+


You could see a worker ant, an orc, a quokka and an adder skeleton.

Vanquished Creatures
  A gnoll (D:1)
  2 adders
  A worm (D:3)
  A dart slug (D:1)
  2 giant geckos
  An orc (D:3)
  A giant cockroach (D:1)
  A goblin (D:1)
  2 hobgoblins (D:3)
  2 jackals (D:4)
  A quokka (D:3)
  3 ball pythons
  2 bats (D:3)
  2 kobolds (D:1)
  3 rats
25 creatures vanquished.

Notes
Turn   | Place    | Note
--------------------------------------------------------------
     0 | D:1      | Amnesiac the Vine Stalker Fighter began the quest for the Orb.
     0 | D:1      | Reached XP level 1. HP: 11/11 MP: 2/2
    79 | D:1      | Reached skill level 1 in Stealth
   129 | D:1      | Reached XP level 2. HP: 9/16 MP: 3/3
   421 | D:2      | Reached XP level 3. HP: 16/19 MP: 4/4
   868 | D:3      | Noticed Ijyb
   977 | D:4      | Reached XP level 4. HP: 23/23 MP: 5/5
  1024 | D:4      | HP: 1/23 [worker ant (1)]
  1025 | D:4      | Succumbed to a worker ant's poison

Skill      XL: |  1  2  3 |
---------------+----------+-----
Short Blades   | 2 3 |  3.0
Stealth        | 1 2 3 |  3.1
Fighting       | |  2.6
Armour         | |  2.4
Shields        | |  2.6

Action                   |  1- 3 |  4- 6 || total
-------------------------+-------+-------++-------
Melee: Rapier            |    45 |       ||    45
       Bite              |    29 |     7 ||    36
       Dagger            |   100 |    33 ||   133
  Use: Potion            |       |     1 ||     1
Armor: Scale mail        |    44 |     8 ||    52
Dodge: Dodged            |    24 |    11 ||    35
Block: Shield            |    50 |    10 ||    60
